 Dungeon Crawl Stone Soup version 0.23-a0-373-g305c090 (webtiles) character file.

234 Mgcat the Skirmisher (level 6, 0/34 HPs)
             Began as a Vine Stalker Fighter on Oct 24, 2018.
             Was an Initiate of Nemelex Xobeh.
             Slain by an ogre
             ... wielding a +0 giant club
              (16 damage)
             ... on level 4 of the Dungeon on Oct 25, 2018.
             The game lasted 00:06:16 (2591 turns).

Mgcat the Skirmisher (Vine Stalker Fighter)         Turns: 2591, Time: 00:06:17

Health: 0/34       AC: 11    Str: 20    XL:     6   Next: 5%
Magic:  0/7        EV:  3    Int:  8    God:    Nemelex Xobeh [......]
Gold:   213        SH:  9    Dex: 14    Spells: 5/5 levels left

rFire    . . .     SeeInvis .   a - +2 war axe
rCold    . . .     Gourm    .   c - +0 shield
rNeg     . . .     Faith    .   e - +0 plate armour
rPois    .         Spirit   +   (no helmet)
rElec    .         Reflect  .   (no cloak)
rCorr    .         Harm     .   (no gloves)
MR       .....                  (no boots)
Stlth    ..........             (no amulet)
HPRegen  0.51/turn              (no ring)
MPRegen  0.10/turn              (no ring)

@: no status effects
A: fangs 2, regeneration 1, magic shield, antimagic bite, no potion heal 3, rot
immunity
a: Renounce Religion


You were on level 4 of the Dungeon.
You worshipped Nemelex Xobeh.
Nemelex Xobeh was noncommittal.
You were not hungry.

You visited 1 branch of the dungeon, and saw 4 of its levels.

You collected 213 gold pieces.

Inventory:

Hand Weapons
 a - a +2 war axe (weapon)
Missiles
 i - 8 steel tomahawks (quivered)
Armour
 c - a +0 shield (worn)
 e - a +0 plate armour (worn)
   (You found it on level 3 of the Dungeon)
Scrolls
 g - 2 scrolls of remove curse
 o - 2 scrolls of identify
Potions
 b - a potion of flight {unknown}
 h - a potion of curing {unknown}
 k - 2 potions of agility
 l - a potion of haste {unknown}
 m - a potion of mutation {unknown}
 n - 2 potions of brilliance {unknown}
Miscellaneous
 p - a plain deck of escape {drawn: 3}
   (Nemelex Xobeh gifted it to you on level 3 of the Dungeon)
Comestibles
 d - 3 chunks of flesh {@w0}
 f - 8 rations


   Skills:
 + Level 4.6 Fighting
 + Level 4.0 Axes
 - Level 2.4 Armour
 - Level 2.6 Shields


You had 5 spell levels left.
You didn't know any spells.
Your spell library was empty.

Dungeon Overview and Level Annotations

Branches:
Dungeon (4/15)
 Temple: D:4-7

Altars:
Gozag
Nemelex Xobeh

Shops:
D:2 *


Innate Abilities, Weirdness & Mutations

You have extremely sharp teeth.
Your natural rate of healing is unusually fast.
When hurt, damage is shared between your health and your magic reserves.
Your bite disrupts and absorbs the magic of your enemies.
Potions cannot restore your health.
You are immune to rotting.


Message History

The iguana barely misses you.
The iguana bites you but does no damage.
You slash the iguana!
You kill the iguana!
The orc hits you but does no damage.
You slash the orc!
You kill the orc!
You block the orc's attack.
You slash the orc!
You kill the orc!
The orc hits you but does no damage.
You slash the orc!
You kill the orc!
No target in view!
No target in view!
No target in view!
No target in view!
Things that are here:
a +0 short sword; a +0 leather armour; an orc corpse You butcher the orc corpse.
d - 2 chunks of flesh {@w0}
Things that are here:
a +0 short sword; a +0 leather armour; an orc skeleton HP restored.
Things that are here:
a +0 short sword; a +0 leather armour; an orc skeleton Eating one of 2 chunks of flesh {@w0}.
You eat one of the 2 chunks of flesh {@w0}.
This raw flesh tastes terrible.
Magic restored.
You butcher the orc corpse.
d - 3 chunks of flesh {@w0} (gained 2)
You see here an orc skeleton. x2
Key pressed, stopping explore.
An adder comes into view.
An adder is nearby!
The adder hisses angrily.
The adder bites you but does no damage.
Your shield and plate armour prevent you from hitting the adder.
Your bite misses the adder.
The adder bites you but does no damage. x2
You closely miss the adder. You bite the adder. You drain its power.
The adder is heavily wounded.
The adder bites you.
You are poisoned.
The adder poisons you! The adder bites you but does no damage.
You hit the adder. You bite the adder.
You kill the adder!
Your Axes skill increases to level 4!
You have reached level 6!
Your experience leads to an increase in your attributes!
Increase (S)trength, (I)ntelligence, or (D)exterity?
You feel stronger.
You feel sick.
As you read the scroll labeled AKHIDU AWILUL, it crumbles to dust.
You feel strangely unstable.
It was a scroll of teleportation.
As you read the scroll labeled VONACY NOARGHIPS, it crumbles to dust.
You feel as if something is helping you.
It was a scroll of remove curse.
Your surroundings suddenly seem different.
You feel sick.
Put on which piece of jewellery? (? for menu, Esc to quit)
You remove your ring of teleportation {+/*tele, !d}.
Drop what? 16/52 slots (_ for help) (? for menu, Esc to quit)
Really drop
j - an uncursed ring of teleportation {+/*tele, !d}?
You drop a +0 scale mail.
You drop an uncursed ring of teleportation {+/*tele, !d}.
You feel sick.
o - 2 scrolls of identify (gained 1)
You feel sick.
You are no longer poisoned.
b - a glowing brown potion
f - 8 rations (gained 1)
A howler monkey skeleton comes into view.
You see here a ration.
An ogre comes into view. It is wielding a +0 giant club.
The howler monkey skeleton hits you but does no damage.
You slash the howler monkey skeleton! You bite the howler monkey skeleton.
You drain its power.
The howler monkey skeleton is heavily damaged.
The howler monkey skeleton hits you.
You hit the howler monkey skeleton. You bite the howler monkey skeleton.
You drain its power.
You feel invigorated.
The howler monkey skeleton is almost destroyed.
The howler monkey skeleton hits you but does no damage.
You hit the howler monkey skeleton.
You destroy the howler monkey skeleton!
You barely miss the ogre. You bite the ogre, but do no damage.
The ogre hits you with a +0 giant club!
You are too injured to fight recklessly!
Okay, then.
Evoke which item? (* to show all) (? for menu, Esc to quit)
You draw a card...
It is Velocity.
The ogre is moving somewhat quickly.
You block the ogre's attack.
Evoke which item? (* to show all) (? for menu, Esc to quit)
You draw a card...
It is Velocity.
The ogre is moving somewhat quickly.
The ogre hits you with a +0 giant club.
Evoke which item? (* to show all) (? for menu, Esc to quit)
You draw a card...
It is Velocity.
The ogre is moving somewhat quickly.
The ogre hits you with a +0 giant club!!
You die...
Your body disappears without a glow.

#####... ........
....%.. ######
รท....... .......
##....### ........
......[## #.......
........ ........#
#.....# ........
........######.....#
.....##.
#................#
.....#
#............=...#
.....#
#....@.%.........#
.....#
#....O....^......#
.....#
#####.######.(...#
#.#### #.# #.....#
..# ... ##.....#####
... ....
#........... ####
#.... ######.....#
...... .............
.##.....###.#


You could see an ogre.

Vanquished Creatures
  A hound (D:3)
  An iguana (D:4)
  2 worker ants
  A howler monkey skeleton (D:4)
  4 adders
  An ooze (D:3)
  2 worms
  4 dart slugs
  A leopard gecko (D:2)
  5 orcs
  A giant cockroach (D:3)
  4 goblins
  3 hobgoblins
  7 jackals
  2 quokkas (D:3)
  A ball python (D:1)
  8 bats
  6 frilled lizards
  8 kobolds
  12 rats
74 creatures vanquished.

Notes
Turn   | Place    | Note
-------+----------+-------------------------------------------
     0 | D:1      | Mgcat the Vine Stalker Fighter began the quest for the Orb.
     0 | D:1      | Reached XP level 1. HP: 11/11 MP: 2/2
    53 | D:1      | Reached skill level 2 in Axes
    60 | D:1      | Reached skill level 3 in Fighting
    60 | D:1      | Reached XP level 2. HP: 10/16 MP: 3/3
   140 | D:1      | Upgraded the game from 0.23-a0-370-gf497b7c to
                  | 0.23-a0-373-g305c090
   640 | D:1      | Reached XP level 3. HP: 19/20 MP: 4/4
  1299 | D:2      | Found Gozag's Platinum Reserve.
  1303 | D:2      | Found an opulent altar of Gozag.
  1312 | D:2      | Gained mutation: Your natural rate of healing is unusually
                  | fast. [Vine Stalker growth]
  1312 | D:2      | Reached XP level 4. HP: 24/25 MP: 5/5
  1453 | D:2      | Found a sparkling altar of Nemelex Xobeh.
  1860 | D:2      | Became a worshipper of Nemelex Xobeh the Trickster
  1881 | D:3      | Reached skill level 3 in Axes
  2093 | D:3      | Found a faded altar of an unknown god.
  2097 | D:3      | Reached skill level 4 in Fighting
  2156 | D:3      | Reached XP level 5. HP: 29/29 MP: 6/6
  2271 | D:3      | Received a gift from Nemelex Xobeh
  2552 | D:4      | Reached skill level 4 in Axes
  2552 | D:4      | Reached XP level 6. HP: 33/34 MP: 7/7
  2591 | D:4      | Slain by an ogre

Vault maps used:
D:1:      doesnt_arrival_eight_statues
D:2:      wad_lake_hut, nicolae_gozag_zags_fifth_avenue, first_ration,
          corexii_corridor_pit, nemelex_spade_bored_becter
D:3:      chequers_ecumenical_altar_simple
D:4:      serial_shops, kennysheep_little_box

Skill      XL: |  1  2  3  4  5 |
---------------+----------------+-----
Axes           | 2 3 4 |  4.0
Fighting       | 3 4 |  4.6
Armour         | |  2.4
Shields        | |  2.6

Action                   |  1- 3 |  4- 6 || total
-------------------------+-------+-------++-------
Melee: War axe           |   114 |    91 ||   205
       Bite              |    19 |    24 ||    43
Evoke: Deck              |       |     3 ||     3
  Use: Potion            |     1 |       ||     1
       Scroll            |       |     6 ||     6
  Eat: Chunk             |     2 |     4 ||     6
Armor: Scale mail        |    56 |     5 ||    61
       Plate armour      |       |    45 ||    45
Dodge: Dodged            |    47 |     8 ||    55
Block: Shield            |    58 |    33 ||    91

Table legend:
 A = Non-vault XP
 B = Vault XP
 C = Vault XP percentage of total XP
 D = Non-vault monster count
 E = Vault monster count
 F = Vault count percentage of total count
                 A         B        C        D         E       F
            +---------+---------+-------+---------+---------+-------
      Total |     335 |       0 |   0.0 |      74 |       0 |   0.0
            +---------+---------+-------+---------+---------+-------
        D:1 |      40 |       0 |   0.0 |      25 |       0 |   0.0
        D:2 |      45 |       0 |   0.0 |      18 |       0 |   0.0
        D:3 |     141 |       0 |   0.0 |      23 |       0 |   0.0
        D:4 |     109 |       0 |   0.0 |       8 |       0 |   0.0
            +---------+---------+-------+---------+---------+-------

Vault maps used:
D:1:      doesnt_arrival_eight_statues
D:2:      wad_lake_hut, nicolae_gozag_zags_fifth_avenue, first_ration,
          corexii_corridor_pit, nemelex_spade_bored_becter
D:3:      chequers_ecumenical_altar_simple
D:4:      serial_shops, kennysheep_little_box

Table legend:
 A = Turns spent in this place as a percentage of turns spent in the entire game.
 B = Non-inter-level travel turns spent in this place as a percentage of non-inter-level travel turns spent in the entire game.
 C = Inter-level travel turns spent in this place as a percentage of turns spent in this place.
 D = Turns resting spent in this place as a percentage of non-inter-level travel turns spent in this place.
 E = Turns spent auto-exploring this place as a percentage of non-inter-level travel turns spent in this place.
 F = Non-inter-level travel turns spent in this place divided by the number of levels of this place that you've seen.
                   A       B       C       D       E      F
               +-------+-------+-------+-------+-------+----------------------
         Total | 100.0 | 100.0 |   7.1 |   0.2 |  81.2 | 602.0
       Dungeon | 100.0 | 100.0 |   7.1 |   0.2 |  81.2 | 602.0
               +-------+-------+-------+-------+-------+----------------------

Table legend:
 A = Kills in this place as a percentage of kills in entire the game.
 B = Kills by you in this place as a percentage of kills by you in the entire game.
 C = Kills by friends in this place as a percentage of kills by friends in the entire game.
 D = Other kills in this place as a percentage of other kills in the entire game.
 E = Experience gained in this place as a percentage of experience gained in the entire game.
 F = Experience gained in this place divided by the number of levels of this place that you have seen.
                   A       B       C       D       E      F
               +-------+-------+-------+-------+-------+----------------------
         Total | 100.0 | 100.0 |   N/A |   N/A | 100.0 |  83.8
       Dungeon | 100.0 | 100.0 |   N/A |   N/A | 100.0 |  83.8
               +-------+-------+-------+-------+-------+----------------------
